 Dungeon Crawl Stone Soup version 0.25-a0-353-ged6d54792d (webtiles) character file.

Game seed: 16539821174514011528, levelgen mode: deterministic

5074 Lavandula the Spear-Bearer (level 10, -6/83 HPs)
             Began as a Merfolk Monk on Jan 2, 2020.
             Was a Priest of Qazlal.
             Mangled by a +7 long sword (14 damage)
             ... on level 14 of the Dungeon.
             The game lasted 00:18:09 (7980 turns).

Lavandula the Spear-Bearer (Merfolk Monk)           Turns: 7980, Time: 00:18:10

Health: -6/83      AC: 12    Str: 14    XL:     10   Next: 56%
Magic:  13/14      EV: 11    Int:  9    God:    Qazlal [***...]
Gold:   419        SH:  9    Dex: 18    Spells: 9/9 levels left

rFire    . . .     SeeInvis .   e - +1 spear (flame)
rCold    . . .     Gourm    .   C - +0 buckler
rNeg     + . .     Faith    +   y - +3 chain mail
rPois    +         Spirit   .   z - +0 helmet
rElec    .         Reflect  .   A - scarf {repulsion}
rCorr    .         Harm     .   q - +0 pair of gloves
MR       .....                  p - +1 pair of boots
Stlth    ..........             o - amulet of faith
HPRegen  0.23/turn              V - ring of positive energy
MPRegen  0.14/turn              w - ring of poison resistance

@: about to teleport, corroded, repel missiles
A: change form in water, swift swim, stealthy swim
a: Upheaval, Elemental Force, Renounce Religion


You were on level 14 of the Dungeon.
You worshipped Qazlal.
Qazlal was most pleased with you.
You were not hungry.

You visited 2 branches of the dungeon, and saw 13 of its levels.

You collected 641 gold pieces.
You spent 222 gold pieces at shops.

Inventory:

Hand Weapons
 a - a +0 spear
 e - a +1 spear of flaming (weapon)
 u - a +0 trident
Armour
 p - a +1 pair of boots (worn)
 q - a +0 pair of gloves (worn)
 x - a +0 cloak
 y - a +3 chain mail (worn)
 z - a +0 helmet (worn)
 A - a scarf of repulsion (worn)
 C - a +0 buckler (worn)
Magical Staves
 s - an uncursed staff of wizardry {unknown}
Jewellery
 h - an uncursed ring of fire
 o - an amulet of faith (around neck)
 r - an uncursed amulet of rage
 w - a ring of poison resistance (right hand)
 S - a +3 amulet of reflection {unknown}
 V - a ring of positive energy (left hand)
Wands
 j - a wand of enslavement (18)
 B - a wand of flame (28)
 L - a wand of polymorph (9)
 M - a wand of iceblast (5)
 R - a wand of random effects (16)
Scrolls
 b - a scroll of blinking
 f - 4 scrolls of amnesia
 g - 3 scrolls of immolation
 i - 3 scrolls of fear
 t - a scroll of magic mapping
 F - 6 scrolls of remove curse
 H - a scroll of silence {unknown}
 J - a scroll of enchant armour {unknown}
 P - a scroll of brand weapon {unknown}
 Q - a scroll of enchant weapon {unknown}
 T - 3 scrolls of fog {unknown}
Potions
 d - a potion of haste
 k - a potion of lignification {unknown}
 m - a potion of berserk rage {unknown}
 n - a potion of heal wounds {unknown}
 v - a potion of invisibility {unknown}
 D - 2 potions of curing {unknown}
 E - 3 potions of mutation
 I - a potion of magic {unknown}
 K - 2 potions of brilliance
 N - a potion of flight {unknown}
 O - 2 potions of resistance {unknown}
 U - a potion of agility {unknown}
Comestibles
 c - 12 rations


   Skills:
 - Level 9.2 Fighting
 - Level 12.1 Polearms
 + Level 2.6 Armour
 - Level 9.8 Dodging
 - Level 2.1 Stealth
 - Level 4.1 Shields
 - Level 5.4 Invocations


You had 9 spell levels left.
You didn't know any spells.
Your spell library was empty.

Dungeon Overview and Level Annotations

Branches:
Dungeon (15/15)            Temple (1/1) D:5            Lair (0/6) D:9
 Vaults (0/5) D:14
    Orc: D:9-12      Depths: D:15

Altars:
Ashenzari
Cheibriados
Elyvilon
Fedhas
Gozag
Hepliaklqana
Kikubaaqudgha
Makhleb
Okawaru
Qazlal
Ru
Trog
Uskayaw
Vehumet
Wu Jian
Xom
Zin
The Shining One

Shops:
D:5 *   D:6 %


Message History

Unknown command.
Okay, then.
The +4 long sword hits you!
Found a gate to the Vaults.
Blink to where?
Press: ? - help, Dir - move target cursor, f - you, p - brown ugly thing
Okay, then.
As you read the scroll of teleportation, it crumbles to dust.
You feel strangely unstable. The +4 long sword hits you.
The +7 long sword hits you!
* * * LOW HITPOINT WARNING * * *
The +4 long sword closely misses you.
Unknown command.
Okay, then.
You hear a shout! x2; You hear an angry squeal.
You hear a shout!
The +7 long sword hits you but does no damage.
The +4 long sword hits you.
* * * LOW HITPOINT WARNING * * *
The +7 long sword hits you!
You die...

*,,,,,,,,* *,,+,,
*,,,,,,,,* *,,*,,
****.....# *,,***
#.....# *,,,,,
#.....###**,,,,,
******#.......,,,,,,,,
#,,,,,........,,,,,,,*
#.#####....##+####..,*
#....@...........#.#**
#....((..........#.#,,
#....[§u.........#.#,,
#.....○..........#.#,,
#....#.#.........#.#,,
#...##.##......###.###
##..,#∩#(..##+##......
#..*#.##.............
#.,,#.#..............


You could see a brown ugly thing and 2 dancing weapons.

Vanquished Creatures
  A deep elf mage (D:7)
  A hippogriff (D:12)
  Prince Ribbit (D:6)
  A water elemental (D:15)
  A wyvern (D:15)
  Grum (D:9)
  2 hungry ghosts
  A naga (D:8)
  Duvessa (D:6)
  A water moccasin (D:8)
  2 ice beasts
  3 black bears
  A sky beast (D:8)
  3 phantoms
  4 ogres
  3 centaurs
  3 wolves (D:9)
  2 crocodiles
  Blork the orc (D:6)
  4 bullfrogs
  Dowan (D:6)
  4 scorpions
  A howler monkey (D:6)
  An electric eel (D:15)
  3 crimson imps
  A bullfrog zombie (D:7)
  A bullfrog skeleton (D:9)
  2 centaur skeletons
  An orc priest (D:8)
  2 jellies
  2 orc wizards
  6 iguanas
  6 worker ants
  2 hound zombies
  10 adders
  An ooze (D:2)
  An adder skeleton (D:5)
  2 dart slugs
  2 leopard geckos
  16 orcs
  8 giant cockroaches
  8 goblins
  6 hobgoblins
  14 jackals
  2 quokkas
  3 ball pythons
  3 bats (D:2)
  8 frilled lizards
  10 kobolds
  A leopard gecko skeleton (D:6)
  A leopard gecko zombie (D:7)
  2 quokka zombies (D:5)
  7 rats
175 creatures vanquished.

Notes
Turn   | Place    | Note
-------+----------+-------------------------------------------
     0 | D:1      | Lavandula the Merfolk Monk began the quest for the Orb.
     0 | D:1      | Reached XP level 1. HP: 18/18 MP: 1/1
    87 | D:1      | Reached skill level 5 in Polearms
    97 | D:1      | Reached XP level 2. HP: 8/24 MP: 2/2
   355 | D:1      | Found a shattered altar of Ashenzari.
   687 | D:2      | Reached skill level 6 in Polearms
   687 | D:2      | Reached XP level 3. HP: 29/29 MP: 3/3
   817 | D:2      | Found an iron altar of Okawaru.
  1358 | D:2      | Reached skill level 7 in Polearms
  1358 | D:2      | Reached XP level 4. HP: 35/35 MP: 4/4
  2208 | D:3      | Reached skill level 8 in Polearms
  2211 | D:3      | Reached XP level 5. HP: 41/41 MP: 5/5
  2684 | D:3      | Found a sacrificial altar of Ru.
  2933 | D:4      | Reached skill level 9 in Polearms
  2946 | D:4      | Reached XP level 6. HP: 33/47 MP: 6/6
  3131 | D:4      | Reached skill level 10 in Polearms
  3592 | D:5      | Entered Level 5 of the Dungeon
  3636 | D:5      | Reached XP level 7. HP: 52/52 MP: 7/7
  3638 | D:5      | Found a staircase to the Ecumenical Temple.
  3648 | D:5      | Reached skill level 11 in Polearms
  3656 | Temple   | Entered the Ecumenical Temple
  3665 | Temple   | Became a worshipper of Qazlal Stormbringer
  3665 | Temple   | Reached * piety under Qazlal
  3665 | Temple   | Reached ** piety under Qazlal
  3829 | D:5      | Reached skill level 12 in Polearms
  3866 | D:5      | Found Vapn's Assorted Antiques.
  3922 | D:5      | Bought 2 fuming yellow potions for 41 gold pieces
  3922 | D:5      | Bought a scroll labeled ITEOWI TUMUDAO for 23 gold pieces
  3922 | D:5      | Bought a scroll labeled LEUNITW WUGE for 23 gold pieces
  3922 | D:5      | Bought a scroll labeled ILATHR GALASEO for 23 gold pieces
  3922 | D:5      | Bought a fuming yellow potion for 20 gold pieces
  3922 | D:5      | Bought a scroll labeled ITEOWI TUMUDAO for 23 gold pieces
  3922 | D:5      | Bought a scroll labeled ZOESUE LASAIG for 23 gold pieces
  3922 | D:5      | Bought a scroll labeled ITEOWI TUMUDAO for 23 gold pieces
  3922 | D:5      | Bought a scroll labeled JIECIUNUEXKIA for 23 gold pieces
  4073 | D:5      | Reached skill level 5 in Dodging
  4103 | D:5      | Reached XP level 8. HP: 52/58 MP: 8/8
  4178 | D:6      | Noticed Prince Ribbit
  4192 | D:6      | Killed Prince Ribbit
  4606 | D:6      | Noticed Dowan
  4607 | D:6      | Noticed Duvessa
  4620 | D:6      | Noticed Blork the orc
  4814 | D:6      | Found Neyvauw's Food Boutique.
  4995 | D:6      | Killed Duvessa
  5012 | D:6      | Killed Dowan
  5012 | D:6      | Reached skill level 1 in Invocations
  5290 | D:6      | Killed Blork the orc
  5358 | D:7      | Reached XP level 9. HP: 64/64 MP: 9/11
  5572 | D:7      | Reached skill level 5 in Invocations
  5574 | D:7      | Reached *** piety under Qazlal
  5865 | D:7      | Reached skill level 1 in Shields
  6432 | D:7      | Noticed a deep elf mage
  6452 | D:7      | Killed a deep elf mage
  6697 | D:8      | Reached skill level 5 in Fighting
  6736 | D:8      | Noticed a hornet
  6741 | D:8      | a hornet changed into a naga
  6845 | D:8      | Found a hazy altar of Hepliaklqana.
  6867 | D:8      | Reached XP level 10. HP: 75/77 MP: 14/14
  7243 | D:9      | Found a staircase to the Lair.
  7497 | D:9      | Noticed Grum
  7523 | D:9      | Killed Grum
  7592 | D:9      | You fall into a shaft and drop 3 floors!
  7714 | D:12     | Reached skill level 1 in Armour
  7726 | D:12     | You fall into a shaft and drop 3 floors!
  7726 | D:15     | Entered Level 15 of the Dungeon
  7931 | D:14     | Noticed a brown ugly thing
  7939 | D:14     | Noticed a brown ugly thing
  7940 | D:14     | Noticed a brown ugly thing
  7968 | D:14     | Noticed a +7 long sword
  7974 | D:14     | Noticed a +4 long sword
  7977 | D:14     | Found a gate to the Vaults.
  7980 | D:14     | Mangled by a +7 long sword

Levels and vault maps discovered:
D:1:      minmay_arrival_five_plusses, layout_loops_ring, ashenzari_altar_1
D:2:      layout_basic, first_ration, minmay_crystal_water, nrook_campfire,
          kennysheep_cross_bottleneck, minmay_misc_feat_more_columns,
          okawaru_gym_becter
D:3:      layout_basic, nicolae_ru_the_path_less_chosen
D:4:      minmay_wonky_spiral, layout_rooms
D:5:      layout_rooms, minmay_temple_entry_ruins, serial_shops, shop,
          kennysheep_generic_room_10
D:6:      layout_cave_pools, serial_shops, shop_coins, uniq_blork_the_orc,
          uniq_duvessa, uniq_prince_ribbit1
D:7:      layout_layer_cave, guppyfry_early_elven_hall
D:8:      layout_rooms, basic_altar
D:9:      layout_roguey, lair_entry_dummy, the_bakery, uniq_grum
D:12:     layout_roguey, kennysheep_diamond, abandoned_shop,
          minmay_splitting_lines
D:14:     layout_irregular_city, erik_vaults_1, gauntlet_entry_generic,
          minmay_misc_feat_secret_circle, uniq_kirke
D:15:     grunt_enter_depths_snipers, layout_basic,
          hangedman_decor_clover_reticule, evilmike_butchery
Temple:   dpeg_three_leaves_temple

Skill      XL: |  1  2  3  4  5  6  7  8  9 10 |
---------------+-------------------------------+-----
Polearms       | 5 6 7 8 9 10 12 | 12.1
Dodging        | 6 9 |  9.8
Invocations    | 3 5 |  5.4
Shields        | 4 |  4.1
Fighting       | 6 9 |  9.2
Armour         | 2 |  2.6
Stealth        | |  2.1

Action                   |  1- 3 |  4- 6 |  7- 9 | 10-12 || total
-------------------------+-------+-------+-------+-------++-------
Melee: Spear             |   121 |   184 |   429 |   302 ||  1036
       Tailslap          |       |       |       |     2 ||     2
Invok: Upheaval          |       |       |     1 |     2 ||     3
       Elemental Force   |       |       |     1 |     1 ||     2
Evoke: Wand              |       |       |     4 |       ||     4
  Use: Scroll            |       |       |       |    12 ||    12
 Stab: Sleeping          |     7 |     9 |       |       ||    16
  Eat: Chunk             |     1 |     8 |     6 |     2 ||    17
       Ration            |       |       |     1 |     2 ||     3
Armor: Robe              |    13 |    15 |       |       ||    28
       Chain mail        |       |    11 |   100 |    78 ||   189
Dodge: Dodged            |    66 |    62 |    70 |    64 ||   262
       Deflected         |       |       |     6 |       ||     6
Block: Other             |       |       |    12 |       ||    12
       Buckler           |       |       |    21 |    80 ||   101

Table legend:
 A = Non-vault XP
 B = Vault XP
 C = Vault XP percentage of total XP
 D = Non-vault monster count
 E = Vault monster count
 F = Vault count percentage of total count
                 A         B        C        D         E       F
            +---------+---------+-------+---------+---------+-------
      Total |    5457 |    1792 |  24.7 |     164 |      11 |   6.3
            +---------+---------+-------+---------+---------+-------
        D:1 |      30 |       0 |   0.0 |      17 |       0 |   0.0
        D:2 |      79 |       0 |   0.0 |      23 |       0 |   0.0
        D:3 |     131 |       0 |   0.0 |      35 |       0 |   0.0
        D:4 |     236 |     130 |  35.5 |       8 |       2 |  20.0
        D:5 |     813 |       0 |   0.0 |      21 |       0 |   0.0
        D:6 |     306 |     576 |  65.3 |       8 |       4 |  33.3
        D:7 |     750 |     544 |  42.0 |      17 |       1 |   5.6
        D:8 |    1546 |       0 |   0.0 |      18 |       0 |   0.0
        D:9 |     663 |     542 |  45.0 |       9 |       4 |  30.8
       D:12 |     309 |       0 |   0.0 |       2 |       0 |   0.0
       D:14 |     125 |       0 |   0.0 |       3 |       0 |   0.0
       D:15 |     469 |       0 |   0.0 |       3 |       0 |   0.0
            +---------+---------+-------+---------+---------+-------
